 Dungeon Crawl Stone Soup version 0.30-a0-778-g2ef04afb54 (webtiles) character file.

Game seed: 13045371453951505286

145 Smoke131 the Chucker (level 5, -9/53 HPs)
             Began as an Ogre Gladiator on Feb 15, 2023.
             Killed by divine providence
             ... invoked by an orc priest
              (14 damage)
             ... on level 3 of the Dungeon.
             The game lasted 00:06:37 (2525 turns).

Smoke131 the Chucker (Ogre Gladiator)               Turns: 2525, Time: 00:06:37

Health: -9/53      AC:  4    Str: 18    XL:     5   Next: 27%
Magic:  5/5        EV: 10    Int:  9    God:
Gold:   137        SH:  0    Dex: 12    Spells: 4/4 levels left

rFire   . . .      SeeInvis .    a - +0 war axe (freeze)
rCold   . . .      Faith    .    (no shield)
rNeg    . . .      Spirit   .    b - +0 robe
rPois   .          Reflect  .    c - +0 hat
rElec   .          Harm     .    v - +0 cloak {Stlth+}
rCorr   .          Rampage  .    (gloves unavailable)
Will    .....                    (boots unavailable)
Stlth   ++                       (no amulet)
HPRegen 0.28/turn                (no ring)
MPRegen 0.09/turn                (no ring)

@: no status effects
A: large, unfitting armour, tough skin 1
a: no special abilities


You were on level 3 of the Dungeon.
You visited 1 branch of the dungeon, and saw 3 of its levels.

You collected 137 gold pieces.

Inventory:

Hand Weapons
 a - a +0 war axe of freezing (weapon)
 i - a +2 dagger of holy wrath
Missiles
 d - 4 throwing nets
 e - a large rock
 n - 4 stones
 r - 4 poisoned darts (quivered)
 t - 6 curare-tipped darts
 y - 2 boomerangs
Armour
 b - a +0 robe (worn)
 c - a +0 hat (worn)
 m - an orb of light
 v - a +0 cloak of stealth (worn)
Jewellery
 p - a ring of magical power
 w - a ring of wizardry
 x - a ring of ice
Scrolls
 k - a scroll of enchant armour {unknown}
 l - a scroll of enchant weapon {unknown}
 o - a scroll of fear {unknown}
 s - a scroll of amnesia {unknown}
 u - a scroll of noise {unknown}
 z - a scroll of poison {unknown}
Potions
 f - a potion of curing
 g - a potion of brilliance {unknown}
 h - a potion of might {unknown}
 q - a potion of invisibility {unknown}


   Skills:
 - Level 3.0 Fighting
 - Level 3.0 Axes
 + Level 5.0 Throwing
 - Level 3.0 Dodging


You had 4 spell levels left.
You didn't know any spells.
Your spell library contained the following spells:

 Spells                   Type           Power      Damage    Failure   Level
 Foxfire                  Conj/Fire      0%         2x1d4     38%         1
 Magic Dart               Conj           0%         1d3       38%         1
 Ensorcelled Hibernation  Hex/Ice        0%         N/A       52%         2
 Passwall                 Tmut/Erth      0%         N/A       52%         2
 Searing Ray              Conj           0%         2d4       52%         2
 Swiftness                Air            0%         N/A       77%         3
 Fulminant Prism          Conj/Hex       0%         3d5       99%         4
 Summon Ice Beast         Ice/Summ       0%         N/A       99%         4


Dungeon Overview and Level Annotations

Branches:
Dungeon (3/15)

Altars:


Innate Abilities, Weirdness & Mutations

You are too large for most types of armour.
You have tough skin. (AC +1)


Message History

The magic dart hits you.
* * * LOW HITPOINT WARNING * * *
It was a potion of curing.
You feel better. Something hits you. Something hits you.
You hear some strange, mumbled words.
A puff of flame appears from out of thin air!
The puff of flame hits you.
As you read the scroll labelled POUWOP PYEVAXKOFU, it crumbles to dust.
It is a scroll of brand weapon.
Your +0 war axe is covered with a thin layer of ice!
a - a +0 war axe of freezing (weapon)
Sorry, you're not good enough to have a special ability.
Something hits you.
You barely miss something. Something hits you.
* * * LOW HITPOINT WARNING * * *
You hear some strange, mumbled words.
Something tries to affect you, but you resist.
You miss something. Something hits you but does no damage.
You miss something. Something hits you.
* * * LOW HITPOINT WARNING * * *
The dart slug briefly extends its eye-stalks.
Something hits you.
* * * LOW HITPOINT WARNING * * *
You hit something but do no damage. Your punch misses something.
Something hits you.
* * * LOW HITPOINT WARNING * * *
You barely miss something. Something hits you but does no damage.
You slash something! You freeze something.
Something hits you but does no damage.
You hear some strange, mumbled words.
A puff of flame appears from out of thin air!
The puff of flame hits you.
* * * LOW HITPOINT WARNING * * *
You miss something. Something hits you.
* * * LOW HITPOINT WARNING * * *
You barely miss something. Something hits you.
* * * LOW HITPOINT WARNING * * *
The orc priest invokes the aid of Beogh against you.
Beogh smites you!
You die...

####.##.####......
.#...............##
.o......o......#.#
.......#o####.##.#
.# ##.....#)#
#.##.# .# #.....#.#
#.##.# .##
#######)# #.##.#
..# #.{woo.)#
...#.## ..#
#@#####.# .......
..## #.# .[# ....##
...# #.# #.## ...#
#.# .. .#.# #.# #.#
##.# #.# #. #.# #.#
#### #.# #.# #.#
#.# ###.####.# ###


You could see an orc priest, a dart slug and an orc.

Vanquished Creatures
  An orc priest (D:3)
  Crazy Yiuf (D:2)
  2 adders (D:2)
  2 dart slugs (D:1)
  4 orcs (D:3)
  6 bats
  10 endoplasms
  3 giant cockroaches (D:2)
  5 goblins
  7 hobgoblins
  A quokka (D:1)
  5 ball pythons
  8 frilled lizards
  2 kobolds (D:2)
  7 rats
64 creatures vanquished.

Vanquished Creatures (others)
  12 plants (D:2)
12 creatures vanquished.

Grand Total: 76 creatures vanquished

Notes
Turn   | Place    | Note
-------+----------+-------------------------------------------
     0 | D:1      | Smoke131 the Ogre Gladiator began the quest for the Orb.
     0 | D:1      | Reached XP level 1. HP: 22/22 MP: 1/1
    40 | D:1      | Reached XP level 2. HP: 24/31 MP: 2/2
   432 | D:1      | Reached skill level 3 in Throwing
   432 | D:1      | Reached XP level 3. HP: 37/37 MP: 3/3
   998 | D:2      | Found a runed translucent door.
   999 | D:2      | Noticed Crazy Yiuf
  1061 | D:2      | Got the Vellum of Cold and Ignition
  1412 | D:2      | Reached XP level 4. HP: 27/45 MP: 4/4
  1561 | D:2      | Reached skill level 4 in Throwing
  1974 | D:2      | Killed Crazy Yiuf
  2502 | D:3      | Reached skill level 5 in Throwing
  2502 | D:3      | Reached XP level 5. HP: 20/53 MP: 5/5
  2525 | D:3      | Killed from afar by an orc priest

Illustrated notes

Levels and vault maps discovered:
D:1:      dpeg_arrival_pond, layout_basic, minmay_split_cup_large
D:2:      minmay_door_path, layout_loops_ring, serial_bayou_lake_a,
          uniq_crazy_yiuf_cottage
D:3:      layout_loops_ring, grunt_temple_overflow_forces_of_nature, trog_wizard

Skill      XL: |  1  2  3  4 |
---------------+-------------+-----
Fighting       | 3 |  3.0
Dodging        | 3 |  3.0
Throwing       | 3 5 |  5.0
Axes           | |  3.0

Action                     |  1- 3 |  4- 6 || total
---------------------------+-------+-------++-------
  Melee: War axe           |   123 |    53 ||   176
  Throw: Dart              |       |     2 ||     2
    Use: Scroll            |       |     1 ||     1
         Potion            |       |     1 ||     1
   Stab: Sleeping          |       |     2 ||     2
 Armour: Robe              |    44 |    18 ||    62
  Dodge: Dodged            |    80 |    34 ||   114

Table legend: (Time is in decaauts)
 A = Elapsed time spent in this place.
 B = Non-inter-level travel time spent in this place.
 C = Inter-level travel time spent in this place.
 D = Time resting spent in this place.
 E = Time spent auto-exploring this place.
 F = Levels seen in this place.
 G = Mean time per level.
                   A        B        C        D        E       F      G
               +--------+--------+--------+--------+--------+-----+--------+
         Total |   2585 |   2513 |     72 |    152 |   1633 |   3 |  861.7 |
       Dungeon |   2585 |   2513 |     72 |    152 |   1633 |   3 |  861.7 |
               +--------+--------+--------+--------+--------+-----+--------+

Top non-repeatable levels by time:
     D:2: 1340 daAuts
     D:1: 900 daAuts
     D:3: 344 daAuts
